 Dungeon Crawl Stone Soup version 0.30.1-11-g7821555f0a (webtiles) character file.

Game seed: 9149669220347141458

80 pkoi the Ruffian (level 4, -3/38 HPs)
             Began as a Draconian Monk on Nov 2, 2023.
             Was a Believer of Wu Jian.
             Slain by an orc priest
             ... wielding a +0 falchion
              (6 damage)
             ... on level 3 of the Dungeon.
             The game lasted 00:01:31 (1483 turns).

pkoi the Ruffian (Draconian Monk)                   Turns: 1483, Time: 00:01:31

Health: -3/38      AC:  5    Str: 14    XL:     4   Next: 18%
Magic:  4/4        EV: 12    Int: 12    God:    Wu Jian [**....]
Gold:   116        SH:  0    Dex: 13    Spells: 3/3 levels left

rFire   . .          .
                       - Unarmed
rCold   . . .        b - orb {light}
rNeg    . . .        (body armour unavailable)
rPois   .            (helmet restricted)
rElec   .            (no cloak)
rCorr   .            (no gloves)
SInv    .            (no boots)
Will    .....        (no amulet)
Stlth   +            (no ring)
HPRegen 0.26/turn    (no ring)
MPRegen 0.09/turn

%: no passive effects
@: glowing
A: AC +5, unfitting armour, cold-blooded
a: Renounce Religion, Wall Jump


You were on level 3 of the Dungeon.
You worshipped Wu Jian.
Wu Jian was pleased with you.
You visited 1 branch of the dungeon, and saw 3 of its levels.

You collected 116 gold pieces.

Inventory:

Hand Weapons
 k - a +0 rapier
Armour
 b - an orb of light (worn)
Scrolls
 f - 2 scrolls of blinking {unknown}
 i - a scroll of torment {unknown}
 n - a scroll of teleportation {unknown}
Potions
 a - a potion of ambrosia
 c - 2 potions of berserk rage {unknown}
 d - a potion of invisibility {unknown}
 e - a potion of heal wounds {unknown}
 g - a potion of curing {unknown}
 h - a potion of flight {unknown}
 j - a potion of resistance {unknown}
 l - a potion of magic {unknown}
 m - a potion of attraction {unknown}


   Skills:
 - Level 3.2 Fighting
 - Level 2.6 Dodging
 + Level 5.1 Unarmed Combat


You had 3 spell levels left.
You didn't know any spells.
Your spell library contained the following spells:

 Spells                   Type           Power      Damage    Failure   Level
 Inner Flame              Hex/Fire       0%         N/A       69%         3
 Flame Wave               Conj/Fire      0%         2d4       97%         4
 Sticky Flame             Conj/Fire      0%         2d3       97%         4


Dungeon Overview and Level Annotations

Branches:
Dungeon (3/15)

Altars:
Wu Jian


Innate Abilities, Weirdness & Mutations

Your plain brown scales are hard. (AC +5)
You cannot fit into any form of body armour.
You are cold-blooded and may be slowed by cold attacks.


Message History

The orc priest is heavily wounded.
The orc priest barely misses you.
Items here: $ )) [ ††.
You hit the orc priest but do no damage.
The orc priest is heavily wounded.
The orc priest hits you with a +0 falchion.
You hit the orc priest but do no damage.
The orc priest is heavily wounded.
The orc priest hits you with a +0 falchion.
You hit the orc priest but do no damage.
You tail-slap the orc priest, but do no damage.
The orc priest is heavily wounded.
The orc priest closely misses you.
You completely miss the orc priest.
You tail-slap the orc priest, but do no damage.
The orc priest is heavily wounded.
The orc priest barely misses you.
You hit the orc priest but do no damage.
The orc priest is heavily wounded.
The orc priest hits you with a +0 falchion!
You barely miss the orc priest.
The orc priest is heavily wounded.
You hit the orc priest.
You tail-slap the orc priest, but do no damage.
The orc priest is severely wounded.
The orc priest mumbles some strange prayers to Beogh against you.
Beogh smites you!
* * * LOW HITPOINT WARNING * * *
You hit the orc priest.
The orc priest is almost dead.
The orc priest hits you but does no damage.
You hit the orc priest but do no damage.
You tail-slap the orc priest, but do no damage.
The orc priest is almost dead.
The orc priest hits you with a +0 falchion.
* * * LOW HITPOINT WARNING * * *
You hit the orc priest but do no damage.
The orc priest is almost dead.
The orc priest hits you with a +0 falchion.
You die...

### ..# #.# #o# #@#
#.# ######## ####.#
#......# #....#
#.####.# ##.####
#.# #.#
##...#####.####.#
#.....<....##...#
#..#...########.###
#..#...########.#


You could see an orc priest.

Vanquished Creatures
  A gnoll (D:1)
  An adder (D:2)
  2 worms (D:2)
  3 dart slugs (D:2)
  2 orcs (D:3)
  2 bats (D:2)
  7 endoplasms
  2 goblins
  3 hobgoblins (D:2)
  6 quokkas
  4 ball pythons (D:2)
  5 frilled lizards
  5 kobolds
  4 rats
47 creatures vanquished.

Notes
Turn   | Place    | Note
-------+----------+-------------------------------------------
     0 | D:1      | pkoi the Draconian Monk began the quest for the Orb.
     0 | D:1      | Reached XP level 1. HP: 19/19 MP: 1/1
    72 | D:1      | Reached XP level 2. HP: 23/26 MP: 2/2
   188 | D:1      | Reached skill level 4 in Unarmed Combat
   561 | D:2      | Reached XP level 3. HP: 24/31 MP: 3/3
   653 | D:2      | Identified the +3 ring mail of the Everdark {Int+6}
  1040 | D:2      | Reached XP level 4. HP: 38/38 MP: 4/4
  1058 | D:2      | Found an ornate altar of the Wu Jian Council.
  1068 | D:2      | Became a worshipper of the Wu Jian Council
  1068 | D:2      | Reached * piety under Wu Jian
  1068 | D:2      | Reached ** piety under Wu Jian
  1095 | D:2      | Reached skill level 5 in Unarmed Combat
  1270 | D:2      | Found a faded altar of an unknown god.
  1483 | D:3      | Slain by an orc priest

Illustrated notes

Levels and vault maps discovered:
D:1:      dpeg_arrival_rooms_b, layout_rooms, chequers_serial_rivers_micro_c,
          chequers_serial_rivers_room_a
D:2:      layout_basic, shapermc_ecumenical_altar_pompeii, basic_altar
D:3:      layout_loops_ring, nicolae_ru_the_path_less_chosen,
          mainiacjoe_overflow_surrounded_room

Skill      XL: |  1  2  3  4 |
---------------+-------------+-----
Unarmed Combat | 4 5 |  5.1
Fighting       | |  3.2
Dodging        | |  2.6

Action                     |  1- 3 |  4- 6 || total
---------------------------+-------+-------++-------
  Melee: Unarmed           |   111 |    39 ||   150
         Tailslap          |    19 |     7 ||    26
Ability: Lunge             |       |     1 ||     1
 Armour: Skin              |    20 |     5 ||    25
  Dodge: Dodged            |    71 |    15 ||    86
